 Dungeon Crawl Stone Soup version 0.19-a0-261-g60b6c46 (webtiles) character file.

18677 Sixotanaka the Carver (level 12, -2/77 HPs)
             Began as a High Elf Skald on May 26, 2016.
             Was an Elder of Cheibriados.
             Engulfed by a fire crab's flame (23 damage)
             ... on level 4 of the Lair of Beasts.
             The game lasted 00:58:31 (19712 turns).

Sixotanaka the Carver (High Elf Skald)             Turns: 19712, Time: 00:58:32

Health: -2/77      AC: 11    Str: 24    XL:     12   Next: 29%
Magic:  8/25       EV: 26    Int: 25    God:    Cheibriados [****..]
Gold:   704        SH:  0    Dex: 32    Spells: 6 memorised, 2 levels left

rFire  . . .     SeeInvis .     a - +0 falchion (vamp) {!w}
rCold  + . .     Gourm    .     I - +0 ring mail {rC+}
rNeg   . . .     Faith    .     (no shield)
rPois  .         Spirit   .     (no helmet)
rElec  .         Dismiss  .     Y - +0 cloak
rCorr  .         Reflect  .     K - +0 pair of gloves {Str+3}
SustAt .         Harm     +     x - +1 pair of boots
MR     ++...                    V - amulet of harm
Stlth  ++........               f - ring of protection from magic
                                s - ring of magical power

@: about to teleport, very slightly contaminated, regenerating, repel missiles,
very slow, very resistant to hostile enchantments, unstealthy
A: no striking features
a: Bend Time, Temporal Distortion, Slouch, Renounce Religion


You were on level 4 of the Lair of Beasts.
You worshipped Cheibriados.
Cheibriados was greatly pleased with you.
You were not hungry.

You visited 3 branches of the dungeon, and saw 16 of its levels.
You also visited: Sewer.

You collected 704 gold pieces.


   Skills:
 + Level 5.3 Fighting
 - Level 14.0 Long Blades
 - Level 6.7 Armour
 - Level 12.0 Dodging
 - Level 2.4 Spellcasting
 - Level 7.0 Charms
 + Level 5.1 Invocations
 - Level 5.0 Evocations


You had 2 spell levels left.
You knew the following spells:

 Your Spells              Type           Power        Failure   Level  Hunger
a - Shroud of Golubria    Chrm/Tloc      ###.......   8%          2    ##.....
c - Spectral Weapon       Hex/Chrm       ###.....     12%         3    ###....
d - Repel Missiles        Chrm/Air       ###...       8%          2    ##.....
g - Regeneration          Chrm/Necr      ###.......   12%         3    ###....
x - Song of Slaying       Chrm           #####...     1%          2    ##.....
z - Infusion              Chrm           ####         1%          1    None


Dungeon Overview and Level Annotations

Branches:
Dungeon (10/15)            Temple (1/1) D:5            Lair (5/8) D:10
  Swamp: Lair:3-6    Shoals: Lair:3-6     Snake: Lair:3-6    Spider: Lair:3-6
    Orc: D:9-12

Altars:
Cheibriados
Dithmenos
Fedhas
Gozag
Hepliaklqana
Kikubaaqudgha
Makhleb
Nemelex Xobeh
Okawaru
Pakellas
Qazlal
Ru
Sif Muna
Trog
Ukayaw
Vehumet
Xom
Yredelemnul
Zin
The Shining One
Jiyva

Annotations:
D:2 Sigmund
D:4 Pikel
D:5 exclusion: oklob plant
Lair:5 Maud

Inventory:

Hand Weapons
 a - a +0 vampiric falchion (weapon) {!w}
   (You took it off Eustachio on level 5 of the Dungeon)
 o - a +0 blowgun
 H - a +2 dagger of venom
   (You took it off an orc on level 4 of the Dungeon)
 S - a +0 blowgun
 X - a +0 great sword
Missiles
 q - 9 javelins
 w - 58 poisoned needles
 y - 2 tomahawks (quivered)
 L - a throwing net
Armour
 x - a +1 pair of boots (worn)
 I - a +0 ring mail of cold resistance (worn)
   (You found it on level 5 of the Dungeon)
 K - a +0 pair of gloves of strength (worn)
   (You found it on level 9 of the Dungeon)
 Y - a +0 cloak (worn)
Jewellery
 f - a ring of protection from magic (right hand)
 s - a ring of magical power (left hand)
 V - an amulet of harm (around neck)
Wands
 b - a wand of teleportation (0/9) {@v4}
 k - a wand of polymorph (18/24)
 t - a wand of hasting (4/9) {@v3}
 D - a wand of random effects (23/48)
 Q - a wand of paralysis (0/24)
 R - a wand of lightning (0/15)
 W - a wand of lightning (0/15)
Scrolls
 e - 7 scrolls of fog
 i - 3 scrolls of teleportation {@r4}
 j - 2 scrolls of remove curse {@r2}
 l - 2 scrolls of enchant armour
 p - 3 scrolls of immolation {!r}
 B - 3 scrolls of amnesia
Potions
 g - 2 potions of brilliance
 h - 11 potions of curing {@q1}
 m - a potion of mutation {unknown}
 u - 2 potions of resistance {unknown}
 C - 2 potions of invisibility {unknown}
 E - 3 potions of lignification {!q}
 J - a potion of agility {unknown}
 M - 2 potions of haste {unknown}
 N - 2 potions of cancellation {unknown}
 O - 2 potions of flight {unknown}
Books
 c - a book of Battle
 U - a book of Air
Miscellaneous
 n - a fan of gales (inert)
Comestibles
 d - 14 bread rations
 r - 4 chunks of flesh
 A - 15 fruits
 P - 5 beef jerkies

# #.....# #..# ##...# # ##...##
##..# #..#.# # #...# ##...##
#..### # ##...##
###.#...###...##...
###...<.###.##..............#
..........................=.#
........÷.÷..................
#............#§P..§.#.#..##..
#.....##......#§@§..###### P.###
##...#####...###§§..# #...#
#....# #...P##§§..## #...##
.#...# #....##.§...# #....#
#....## #....##..t..# #...##
##...P####...#.......#######....#
##...##.##.......................
.......[.........................
##♣♣♣♣.........................<.


You could see a fire crab.


Message History

You are no longer magically infusing your attacks.
You start resting.
You climb downwards. 8 sheep and Maud come into view.
The sheep bleats!
There is a stone staircase leading up here.
You can feel time thicken for a moment.
You kill the sheep!
Cheibriados appreciates the change of pace.
You kill the sheep!
Cheibriados thoroughly appreciates the change of pace.
You can now step out of the time flow.
Cheibriados raises the support of your attributes as your movement slows.
You kill the sheep!
Cheibriados thoroughly appreciates the change of pace.
You kill the sheep!
Cheibriados appreciates the change of pace.
You kill the sheep!
Cheibriados appreciates the change of pace.
You kill the sheep!
Cheibriados thoroughly appreciates the change of pace.
You kill the sheep!
Cheibriados appreciates the change of pace.
You kill the sheep!
Cheibriados thoroughly appreciates the change of pace.
You feel somewhat more hungry.
You can no longer step out of the time flow.
Cheibriados lowers the support of your attributes as your movement quickens.
Drink which item? (? for menu, Esc to quit)
Okay, then.
Casting: Spectral Weapon You draw out your weapon's spirit!
Casting: Spectral Weapon Space distorts slightly along a thin shroud covering your body.
Casting: Shroud of Golubria Your skin crawls.
Maud hits you with an enchanted double sword!!
Your shroud falls apart!
Your ring mail prevents you from hitting Maud.
You hit Maud.
You feel better.
Your spectral weapon hits Maud.
Maud hits you with an enchanted double sword!
* * * LOW HITPOINT WARNING * * *
You closely miss Maud.
Your spectral weapon hits Maud.
You hit Maud but do no damage.
Your spectral weapon completely misses Maud.
Maud hits you with an enchanted double sword!
* * * LOW HITPOINT WARNING * * *
Read which item? (? for menu, Esc to quit)
Okay, then.
A fierce wind blows from the fan.
Maud and your spectral weapon are blown away by the wind.
The winds coalesce and take form.
You climb upwards.
Your summoned ally is left behind.
Your spectral weapon fades away.
There is a stone staircase leading down here.
A fire crab is nearby!
A fire crab is nearby!
Casting: Regeneration Your skin crawls.
Casting: Regeneration You miscast Regeneration.
You are very lightly contaminated with residual magic.
Multicoloured lights dance before your eyes!
Read which item? (? for menu, Esc to quit)
As you read the scroll of teleportation {@r4}, it crumbles to dust.
You feel strangely unstable. The fire crab breathes flames at you.
The blast of flame engulfs you!
You are engulfed in roaring flames.
You die...

Action                   |  1- 3 |  4- 6 |  7- 9 | 10-12 || total
-------------------------+-------+-------+-------+-------++-------
Melee: Falchion          |   117 |   251 |   593 |   927 ||  1888
Throw: Javelin           |     3 |     4 |     2 |    11 ||    20
       Throwing net      |       |     1 |     3 |     2 ||     6
       Tomahawk          |       |     1 |       |    16 ||    17
 Cast: Infusion          |    16 |    23 |    45 |    50 ||   134
       Shroud of Golubri |     2 |    16 |    29 |    52 ||    99
       Spectral Weapon   |       |       |       |    22 ||    22
       Repel Missiles    |       |       |       |     2 ||     2
       Song of Slaying   |       |       |       |     1 ||     1
       Regeneration      |       |       |       |    33 ||    33
Invok: Bend Time         |       |       |       |     1 ||     1
       Slouch            |       |       |       |     1 ||     1
Evoke: Wand              |       |       |       |     9 ||     9
       Fan of gales      |       |       |       |     1 ||     1
  Use: Scroll            |       |     7 |     2 |    17 ||    26
       Potion            |       |       |     2 |     9 ||    11
 Stab: Distracted        |     1 |       |       |     7 ||     8
       Held in net/web   |       |     1 |     1 |     6 ||     8
       Sleeping          |       |       |       |     1 ||     1
  Eat: Chunk             |     4 |    13 |     8 |    10 ||    35
       Bread ration      |       |       |     1 |       ||     1
       Royal jelly       |       |       |     1 |       ||     1
       Meat ration       |       |       |     2 |     3 ||     5
       Pizza             |       |       |     1 |       ||     1
       Beef jerky        |       |       |       |     2 ||     2
       Fruit             |       |       |       |     1 ||     1
Armor: Leather armour    |    45 |    73 |    10 |       ||   128
       Ring mail         |       |       |   143 |   143 ||   286
Dodge: Dodged            |    64 |   136 |   228 |   485 ||   913
       Deflected         |       |       |       |     3 ||     3

Vault maps used:
D:1:      ncdulo_smallfort
D:2:      nicolae_overflow_hidden_temple, uniq_sigmund
D:3:      kennysheep_six_static_rooms, tso_metal_star, portal_sewer_entry_c
D:4:      grunt_temple_overflow_champion_of_chaos, kennysheep_mini_moat,
          lemuel_coloured_pillars_altar, first_bread, uniq_pikel
D:5:      tgw_fedhas, nicolae_overflow_crystal_walls,
          minmay_temple_entry_nine_rooms, serial_glass, glass_columns_a,
          glass_columns_a, uniq_eustachio
D:6:      old_standard_altar, vehumet_altar_wand_db, nicolae_ossuary_entry_giza,
          kennysheep_generic_room_5, uniq_duvessa
D:7:      nicolae_qazlal_style_of_elements, johnstein_pakellas_death_squad,
          enter_bailey_7, grunt_ogre_cave
D:8:      corexii_shantytown, lemuel_doored_altar, uniq_grum
D:9:      lemuel_crystal_altar, kennysheep_mini, serial_glass, glass_columns_c,
          glass_columns_b, nrook_mini_backslash, minmay_misc_feat_secret_circle,
          minmay_statues_item, moated_statue, kennysheep_generic_room_12
D:10:     minmay_lair_entry_lava
Temple:   pf_slimified_temple
Lair:2:   nicolae_quartered_pool_super
Lair:3:   guppyfry_lair_drakes
Lair:4:   enter_volcano_4, beast_lair_carwin_7, serial_bayou_shore_a
Lair:5:   minmay_swamp_entry_swarm, beast_lair_carwin_9, uniq_maud
Sewer:    sewer_co_purgy_island

Notes
Turn   | Place    | Note
--------------------------------------------------------------
     0 | D:1      | Sixotanaka the High Elf Skald began the quest for the Orb.
     0 | D:1      | Reached XP level 1. HP: 14/14 MP: 4/4
   292 | D:1      | Reached skill level 3 in Long Blades
   659 | D:1      | zzxc: you're a masochist tho
   676 | D:1      | zzxc: HESk why
   711 | D:1      | Reached XP level 2. HP: 10/19 MP: 1/6
   877 | D:1      | zzxc: hey you haven't won since 2015-09 :(
   888 | D:1      | Sixotanaka: ya lol
   937 | D:1      | Sixotanaka: octopodes
   946 | D:1      | zzxc: splatopodes
   990 | D:1      | Sixotanaka: also haven't played much
  1205 | D:1      | Reached skill level 4 in Long Blades
  1479 | D:1      | Reached XP level 3. HP: 21/24 MP: 7/7
  1942 | D:2      | Learned a level 2 spell: Shroud of Golubria
  1966 | D:2      | Reached skill level 5 in Long Blades
  2039 | D:2      | zzxc: Sk is very similar to Tm tbh
  2044 | D:2      | Sixotanaka: ya
  2178 | D:2      | Reached XP level 4. HP: 28/29 MP: 3/8
  2253 | D:2      | Found a bloodstained altar of Trog.
  2504 | D:2      | zzxc: im conflicted over which version to continue my streak on
  2507 | D:2      | zzxc: 0.17 or 0.18
  2933 | D:2      | Reached skill level 6 in Long Blades
  3328 | D:2      | Reached XP level 5. HP: 34/34 MP: 9/9
  3407 | D:2      | Noticed Sigmund
  3408 | D:2      | Sixotanaka: yay
  3541 | D:3      | zzxc: wear el ringo
  3555 | D:3      | zzxc: STEALTH POWAZ
  3571 | D:3      | zzxc: oh yeha blowguns nerfed
  3575 | D:3      | zzxc: ill play 0.17 lol
  3781 | D:3      | Found a glowing drain.
  3858 | Sewer    | Entered a sewer
  4015 | Sewer    | Reached skill level 7 in Long Blades
  4100 | Sewer    | Noticed Purgy
  4115 | Sewer    | Killed Purgy
  4115 | Sewer    | Reached XP level 6. HP: 36/39 MP: 10/10
  4116 | Sewer    | zzxc: nice
  4139 | Sewer    | Sixotanaka: i actually
  4139 | Sewer    | Sixotanaka: picked it up
  4139 | Sewer    | Sixotanaka: thinking
  4139 | Sewer    | Sixotanaka: "if purgy is in that drain i can wreck him"
  4228 | Sewer    | zzxc: rofl
  4269 | D:3      | zzxc: throwing nets should be on auto-pickup
  4297 | D:3      | Found a glowing golden altar of the Shining One.
  4354 | D:3      | Sixotanaka: ikr
  4354 | D:3      | Sixotanaka: maybe best item in the game now that blowgun is nerfed
  4451 | D:3      | zzxc: nah that's sack of spiders btw
  4460 | D:3      | Reached skill level 8 in Long Blades
  4605 | D:3      | zzxc: i already thought it was the best item
  4641 | D:3      | zzxc: after watching yermak i am even more of a believer
  4641 | D:3      | Sixotanaka: its like a blowgun + scroll of summoning
  4648 | D:3      | zzxc: + net
  4654 | D:3      | Sixotanaka: ya
  4977 | D:4      | Sixotanaka: and running boots too
  4977 | D:4      | Sixotanaka: i guess
  5157 | D:4      | Noticed a slave
  5157 | D:4      | Noticed a slave
  5158 | D:4      | Noticed a slave
  5183 | D:3      | zzxc: you might want to update your rc
  5189 | D:3      | Killed a slave
  5233 | D:4      | zzxc: there's that new skill training summary
  5270 | D:4      | zzxc: which shows how you trained
  5273 | D:4      | zzxc: over the course of the game
  5394 | D:4      | zzxc: also what is your rc anyway
  5417 | D:4      | zzxc: im looking at it, it's weird
  5461 | D:4      | Killed a slave
  5462 | D:4      | Noticed Pikel
  5492 | D:4      | zzxc: 'slavery isn't that bad'
  5606 | D:3      | Sixotanaka: lol
  5725 | D:4      | Reached skill level 9 in Long Blades
  5739 | D:4      | Sixotanaka: "you catch a glimpse of the back of your own head"
  5748 | D:4      | Reached XP level 7. HP: 43/45 MP: 6/11
  5749 | D:4      | Found a shimmering altar of Xom.
  5751 | D:4      | Found a hide-covered altar to Ukayaw.
  5751 | D:4      | Found a burning altar of Makhleb.
  6117 | D:4      | zzxc: HOW
  6164 | D:4      | Sixotanaka: tansmutation miscast
  6169 | D:4      | Sixotanaka: err
  6169 | D:4      | Sixotanaka: transloc
  6383 | D:5      | Entered Level 5 of the Dungeon
  6397 | D:4      | zzxc: such good lore
  6411 | D:4      | zzxc: lol
  6583 | D:5      | zzxc: why do you insist on fighting surrounded
  6591 | D:4      | Sixotanaka: kinda dont want to move so far back
  6591 | D:4      | Sixotanaka: since pickel is hanging around there
  6604 | D:5      | zzxc: but
  6608 | D:5      | Reached skill level 10 in Long Blades
  6610 | D:5      | zzxc: if anything, it's closer to the upstairs
  6616 | D:5      | Sixotanaka: just orcs
  6619 | D:4      | zzxc: almost died to orcs man
  6656 | D:5      | Sixotanaka: double poisoned me
  6656 | D:5      | Sixotanaka: as i went up the stairs
  6728 | D:5      | Found a hazy altar of Hepliaklqana.
  6745 | D:5      | Sixotanaka: what is hep
  6825 | D:5      | zzxc: what isnt hep
  6830 | D:5      | zzxc: go hep btw
  6841 | D:5      | Sixotanaka: no
  6851 | D:5      | zzxc: no really
  6868 | D:5      | Sixotanaka: no!
  6881 | D:5      | zzxc: y u no want hep
  7072 | D:5      | Reached skill level 11 in Long Blades
  7072 | D:5      | Reached XP level 8. HP: 30/50 MP: 10/12
  7165 | D:5      | Noticed Eustachio
  7180 | D:5      | Killed Eustachio
  7275 | D:5      | Found a blossoming altar of Fedhas.
  7302 | D:5      | Noticed an oklob plant
  7392 | D:5      | Found a staircase to the Ecumenical Temple.
  7397 | Temple   | Entered the Ecumenical Temple
  7407 | Temple   | zzxc: ok
  7482 | Temple   | zzxc: you're allowed to go jiyva
  7500 | Temple   | Sixotanaka: lol
  7500 | Temple   | Sixotanaka: i want to go chei
  7503 | Temple   | zzxc: hep is the pet god
  7846 | D:5      | Reached skill level 12 in Long Blades
  7886 | D:6      | Noticed a troll
  8037 | D:6      | Sixotanaka: beogh 2?
  8041 | D:6      | HP: 8/50 [wight/battleaxe (10)]
  8048 | D:6      | Reached skill level 13 in Long Blades
  8055 | D:6      | Found a sparkling altar of Nemelex Xobeh.
  8059 | D:6      | zzxc: nope
  8068 | D:6      | zzxc: maybe beogh improved
  8081 | D:6      | zzxc: because just one pet
  8087 | D:6      | zzxc: and it's permanent
  8163 | D:5      | zzxc: and you get to customise him
  8169 | D:5      | Sixotanaka: comes back when it dies
  8169 | D:5      | zzxc: and name him even
  8169 | D:5      | Sixotanaka: or no hp?
  8173 | D:5      | zzxc: comes back when it dies
  8316 | D:5      | zzxc: i'd defs go hep
  8316 | D:5      | zzxc: for the exp
  8349 | D:6      | Sixotanaka: start a game then :P
  8362 | D:6      | zzxc: no i mean
  8365 | D:6      | zzxc: as u
  8384 | D:6      | zzxc: you can customise ur pet
  8384 | D:6      | Sixotanaka: we're going chei
  8384 | D:6      | zzxc: to be a tank
  8384 | D:6      | Sixotanaka: you're along for the ride
  8385 | D:6      | zzxc: or mage
  8392 | D:6      | zzxc: or hexer
  8411 | D:6      | zzxc: tank lol
  8498 | D:5      | Reached XP level 9. HP: 46/54 MP: 13/13
  8967 | D:6      | Reached skill level 14 in Long Blades
  9050 | D:6      | Noticed Duvessa
  9056 | D:6      | Killed a troll
  9056 | D:6      | Reached skill level 2 in Armour
  9068 | D:6      | Killed Duvessa
  9068 | D:6      | Reached skill level 3 in Armour
  9130 | D:6      | Noticed Dowan
  9173 | D:6      | Killed Dowan
  9178 | D:6      | Reached skill level 4 in Armour
  9428 | D:6      | Found a radiant altar of Vehumet.
  9430 | D:6      | zzxc: WAT
  9769 | D:7      | Reached skill level 5 in Armour
  9794 | D:7      | Found a stormy altar of Qazlal.
  9857 | D:7      | Sixotanaka: ?
  9900 | D:7      | zzxc: crimson imp tile
  9903 | D:7      | Sixotanaka: ya
  9933 | D:7      | Reached skill level 6 in Armour
  9970 | D:7      | Found an oddly glowing altar of Pakellas.
 10504 | D:7      | Learned a level 2 spell: Song of Slaying
 10797 | D:8      | Noticed Grum
 10819 | D:7      | Reached skill level 4 in Charms
 11017 | D:8      | Reached skill level 2 in Dodging
 11017 | D:8      | Reached XP level 10. HP: 60/60 MP: 9/14
 11085 | D:8      | zzxc: new adder zombie tile
 11090 | D:8      | HP: 11/60 [wolf[Grum] (5)]
 11406 | D:8      | Reached skill level 5 in Charms
 11462 | D:8      | Killed Grum
 11468 | D:8      | Reached skill level 3 in Dodging
 11565 | D:8      | Learned a level 2 spell: Repel Missiles
 11950 | D:8      | Reached skill level 4 in Dodging
 11950 | D:8      | Reached skill level 6 in Charms
 12079 | D:8      | Found an opulent altar of Gozag.
 12598 | D:9      | Found a snail-covered altar of Cheibriados.
 12606 | D:9      | Became a worshipper of Cheibriados the Contemplative
 12931 | D:9      | Found a deep blue altar of Sif Muna.
 12966 | D:10     | Entered Level 10 of the Dungeon
 13176 | D:10     | Reached skill level 5 in Dodging
 13220 | D:10     | Reached skill level 7 in Charms
 13258 | D:10     | Learned a level 3 spell: Spectral Weapon
 13262 | D:10     | Learned a level 3 spell: Regeneration
 13478 | D:10     | Found a staircase to the Lair.
 13660 | D:10     | HP: 11/60 [quokka (6)]
 13671 | D:10     | HP: 2/60 [hell hound/blast of flame (11)]
 13673 | D:10     | zzxc: you nearly died to a quokka
 13673 | D:10     | Sixotanaka: -5 ac
 13673 | D:10     | Sixotanaka: and w/e it's doing to my wep
 13673 | D:10     | Sixotanaka: am chei can't run
 13677 | D:10     | Reached skill level 6 in Dodging
 14165 | D:10     | Reached * piety under Cheibriados
 14292 | Lair:1   | Entered Level 1 of the Lair of Beasts
 14335 | Lair:1   | Reached skill level 7 in Dodging
 14467 | Lair:1   | Reached skill level 1 in Evocations
 14501 | Lair:1   | Reached skill level 8 in Dodging
 14663 | Lair:1   | Reached skill level 2 in Evocations
 14737 | Lair:1   | zzxc: I wonder if might affects ranged
 14794 | Lair:1   | Reached XP level 11. HP: 39/64 MP: 14/15
 15153 | Lair:1   | Reached skill level 3 in Evocations
 15215 | Lair:1   | Sixotanaka: i know str does
 15227 | Lair:1   | Reached ** piety under Cheibriados
 15736 | Lair:2   | Noticed Senshi's ghost (journeyman MiBe)
 15761 | Lair:2   | Killed Senshi's ghost
 15761 | Lair:2   | Reached skill level 9 in Dodging
 15761 | Lair:2   | Reached skill level 4 in Evocations
 16670 | Lair:2   | Reached skill level 5 in Evocations
 16717 | Lair:2   | HP: 9/64 [spiny frog (17)]
 16727 | Lair:2   | HP: 9/64 [spiny frog (17)]
 16730 | Lair:2   | zzxc: should use para
 16730 | Lair:2   | Sixotanaka: what para...
 16730 | Lair:2   | zzxc: krek
 16730 | Lair:2   | Sixotanaka: it had like
 16730 | Lair:2   | Sixotanaka: 2 uses on it
 16730 | Lair:2   | zzxc: yeh
 16732 | Lair:2   | zzxc: I'd use ID on para and recharging
 16732 | Lair:2   | zzxc: tbh
 16732 | Lair:2   | HP: 1/64 [spiny frog (20)]
 16733 | Lair:2   | zzxc: it's that strong
 16734 | Lair:2   | Sixotanaka: yeah
 16734 | Lair:2   | Sixotanaka: what recharge
 16924 | Lair:1   | zzxc: :P read all teh scrolls
 16924 | Lair:1   | zzxc: probably worth
 16946 | Lair:1   | zzxc: I'd also train evoc for it
 16979 | Lair:1   | zzxc: well
 17012 | Lair:2   | zzxc: i guess you need to do dodge then
 17085 | Lair:2   | zzxc: did I ever mention how I dislike chei
 17096 | Lair:3   | Sixotanaka: spiny frogs are retarded
 17096 | Lair:3   | Sixotanaka: they must have buffed them in 0.17
 17096 | Lair:3   | Sixotanaka: 18
 17096 | Lair:3   | zzxc: nope
 17096 | Lair:3   | Sixotanaka: because i remember they were like utter trash you can just hold tab
 17096 | Lair:3   | zzxc: nah
 17096 | Lair:3   | Sixotanaka: and now they somehow hit 20 times through 21 EV
 17096 | Lair:3   | zzxc: everything is harder with HE
 17096 | Lair:3   | zzxc: esp HESk
 17096 | Lair:3   | zzxc: it's just
 17096 | Lair:3   | zzxc: The Curse
 17096 | Lair:3   | Sixotanaka: and shroud
 17096 | Lair:3   | Sixotanaka: and then i play another char
 17096 | Lair:3   | Sixotanaka: and they're still invincible
 17096 | Lair:3   | Sixotanaka: and hit like a 40 headed hydra
 17180 | Lair:3   | Reached skill level 10 in Dodging
 17182 | Lair:3   | Sixotanaka: woha
 17182 | Lair:3   | Sixotanaka: super lag
 17261 | Lair:3   | Reached *** piety under Cheibriados
 17276 | Lair:3   | zzxc: there are like 15 players
 17825 | Lair:3   | Reached skill level 11 in Dodging
 18081 | Lair:3   | Reached **** piety under Cheibriados
 18091 | Lair:3   | Reached skill level 12 in Dodging
 18330 | Lair:3   | HP: 10/64 [komodo dragon (30)]
 18365 | Lair:2   | HP: 13/64 [spiny frog (17)]
 18371 | Lair:2   | HP: 11/64 [poisoned by a spiny frog]
 18376 | Lair:2   | HP: 10/64 [poisoned by a spiny frog]
 18382 | Lair:2   | HP: 9/64 [poisoned by a spiny frog]
 18391 | Lair:2   | HP: 9/64 [poisoned by a spiny frog]
 18397 | Lair:2   | HP: 9/64 [poisoned by a spiny frog]
 18403 | Lair:2   | HP: 9/64 [poisoned by a spiny frog]
 18409 | Lair:2   | HP: 9/64 [poisoned by a spiny frog]
 18696 | Lair:3   | Reached skill level 1 in Invocations
 18888 | Lair:4   | Reached skill level 2 in Invocations
 18931 | Lair:4   | Reached skill level 3 in Fighting
 18932 | Lair:4   | Reached XP level 12. HP: 72/72 MP: 9/16
 18994 | Lair:4   | Noticed a five-headed hydra
 19012 | Lair:4   | Reached skill level 3 in Invocations
 19032 | Lair:4   | Reached skill level 4 in Fighting
 19071 | Lair:4   | Reached skill level 4 in Invocations
 19601 | Lair:4   | Reached skill level 5 in Fighting
 19625 | Lair:4   | Reached skill level 5 in Invocations
 19696 | Lair:5   | Noticed Maud
 19697 | Lair:5   | Reached ***** piety under Cheibriados
 19704 | Lair:5   | HP: 11/77 [Maud/enchanted double sword (18)]
 19712 | Lair:4   | Engulfed by a fire crab's flame

Vanquished Creatures
  The ghost of Senshi the Severer, a journeyman MiBe of Trog (Lair:2)
  3 elephants (Lair:3)
  A centaur zombie (D:10)
  A black mamba (Lair:3)
  5 spiny frogs
  7 komodo dragons
  A rime drake (Lair:4)
  2 trolls
  18 blink frogs
  Eustachio (D:5)
  Grum (D:8)
  6 hippogriffs
  3 water moccasins
  Duvessa (D:6)
  8 porcupines
  2 hell hounds (D:10)
  Purgy (Sewer)
  An orc warrior (D:6)
  An ice beast (D:6)
  3 sky beasts (D:5)
  2 black bears
  2 slaves
  9 ogres
  4 wolves
  6 centaurs
  4 crocodiles
  10 giant frogs
  Dowan (D:6)
  3 scorpions
  2 water moccasin skeletons
  8 killer bees
  4 wights (D:6)
  3 howler monkeys
  2 electric eels (Lair:2)
  2 giant frog zombies (D:7)
  4 crimson imps
  4 jellies (D:10)
  A quasit (D:7)
  4 hounds
  An orc priest (D:4)
  2 centaur skeletons
  3 iguanas
  4 orc wizards
  5 worker ants
  31 sheep
  A mummy (D:6)
  2 worker ant zombies
  19 gnolls
  15 adders
  24 river rats
  A shadow imp (D:3)
  An ooze (D:2)
  An adder zombie (D:8)
  4 worms
  A dart slug (D:2)
  4 giant geckos
  27 orcs
  3 ball pythons
  12 giant cockroaches
  15 goblins
  14 hobgoblins
  16 jackals
  9 quokkas
  11 bats
  A giant gecko skeleton (D:6)
  A giant gecko zombie (D:5)
  11 giant newts
  A hobgoblin zombie (D:6)
  15 kobolds
  A kobold zombie (D:6)
  14 rats
412 creatures vanquished.

Vanquished Creatures (others)
  4 fungi
  2 plants
  3 spectral weapons
9 creatures vanquished.

Grand Total: 421 creatures vanquished
